2925 views
Uploaded 2019-12-01 20:41:37
Game version 1.32.0.2 / 1.32.0.2.1
19:29 long 4on4 ladder game on (8)Feralas_LV
Saved by BEARAND
2925 views
Uploaded 2019-12-01 20:41:37
Game version 1.32.0.2 / 1.32.0.2.1
19:29 long 4on4 ladder game on (8)Feralas_LV


87 units @ 6.8k
/ 0k
216 buildings @ 16.2k
/ 9.1k


| Healing Salve | 3 | 300 |
| Lesser Clarity Potion | 4 | 280 |
| Orb of Lightning | 2 | 750 |
| Boots of Speed | 2 | 500 |
| Staff of Teleportation | 2 | 300 |
| Staff of Sanctuary | 1 | 250 |
| total: | 14 | 2380g |
| Peon | 23 | 1725 | / | 0 |
| total: | 23 | 1725g | / | 0w |
| Watch Tower | 29 | 3190 | / | 2320 |
| Altar of Storms | 1 | 180 | / | 50 |
| Orc Burrow | 2 | 320 | / | 80 |
| War Mill | 1 | 205 | / | 0 |
| Voodoo Lounge | 2 | 260 | / | 60 |
| Great Hall | 1 | 385 | / | 185 |
| Stronghold | 1 | 315 | / | 190 |
| Fortress | 1 | 325 | / | 190 |
| total: | 36 | 4540g | / | 2695w |
| 0:04 | Peon |
| 0:05 | Altar of Storms |
| 0:11 | Orc Burrow |
| 0:12 | Peon |
| 0:24 | Peon |
| 0:44 | Peon |
| 0:51 | War Mill |
| 1:05 | Peon |
| 1:06 | Peon |
| 1:16 | Peon |
| 1:26 | Voodoo Lounge |
| 1:35 | Peon |
| 1:52 | Peon |
| 1:52 | Peon |
| 2:04 | Watch Tower |
| 2:05 | Wind Walk |
| 2:11 | Peon |
| 2:23 | Watch Tower |
| 3:08 | Stronghold |
| 3:11 | Watch Tower |
| 3:16 | Spiked Barricades |
| 3:34 | Orc Burrow |
| 3:46 | Boots of Speed |
| 3:47 | Staff of Teleportation |
| 3:57 | Watch Tower |
| 4:45 | Watch Tower |
| 4:56 | Critical Strike |
| 5:43 | Improved Spiked Barricades |
| 5:44 | Reinforced Defenses |
| 5:51 | Watch Tower |
| 5:52 | Watch Tower |
| 6:13 | Fortress |
| 6:43 | Healing Wave |
| 6:45 | Healing Salve |
| 6:46 | Lesser Clarity Potion |
| 7:28 | Great Hall |
| 7:58 | Watch Tower |
| 8:04 | Watch Tower |
| 9:16 | Watch Tower |
| 9:17 | Watch Tower |
| 9:20 | Peon |
| 9:21 | Peon |
| 9:31 | Orb of Lightning |
| 9:32 | Healing Salve |
| 9:32 | Lesser Clarity Potion |
| 9:40 | Lesser Clarity Potion |
| 9:52 | Watch Tower |
| 9:53 | Watch Tower |
| 10:09 | Hex |
| 10:41 | Watch Tower |
| 10:43 | Peon |
| 10:43 | Peon |
| 10:48 | Wind Walk |
| 11:07 | Watch Tower |
| 11:08 | Watch Tower |
| 11:28 | Watch Tower |
| 11:29 | Watch Tower |
| 12:00 | Healing Salve |
| 12:01 | Lesser Clarity Potion |
| 12:02 | Orb of Lightning |
| 12:08 | Peon |
| 12:08 | Peon |
| 12:08 | Peon |
| 12:48 | Peon |
| 13:06 | Watch Tower |
| 13:07 | Watch Tower |
| 13:08 | Peon |
| 13:08 | Peon |
| 13:31 | Voodoo Lounge |
| 13:33 | Watch Tower |
| 13:33 | Watch Tower |
| 13:34 | Watch Tower |
| 13:34 | Watch Tower |
| 13:40 | Watch Tower |
| 13:46 | Boots of Speed |
| 13:47 | Staff of Teleportation |
| 13:55 | Watch Tower |
| 13:59 | Peon |
| 13:59 | Peon |
| 15:18 | Critical Strike |
| 15:22 | Watch Tower |
| 16:29 | Watch Tower |
| 16:30 | Watch Tower |
| 17:27 | Staff of Sanctuary |
| 19:25 | Healing Wave |
| Right click | 1362 |
| Select group | 553 |
| Assign group | 202 |
| Select | 188 |
| Build/train/purchase | 142 |
| Use ability | 39 |
| Misc. action | 21 |
| Minimap ping | 4 |
| Item give/drop | 2 |
| Remove unit | 1 |



| Healing Salve | 3 | 300 |
| Lesser Clarity Potion | 4 | 280 |
| Orb of Lightning | 1 | 375 |
| Boots of Speed | 2 | 500 |
| Staff of Teleportation | 1 | 150 |
| Circlet of Nobility | 1 | 175 |
| total: | 12 | 1780g |
| Peon | 18 | 1350 | / | 0 |
| total: | 18 | 1350g | / | 0w |
| Watch Tower | 30 | 3300 | / | 2400 |
| Altar of Storms | 3 | 540 | / | 150 |
| Orc Burrow | 5 | 800 | / | 200 |
| War Mill | 1 | 205 | / | 0 |
| Voodoo Lounge | 3 | 390 | / | 90 |
| Great Hall | 1 | 385 | / | 185 |
| Stronghold | 1 | 315 | / | 190 |
| Fortress | 1 | 325 | / | 190 |
| total: | 43 | 5620g | / | 3025w |
| 0:03 | Peon |
| 0:03 | Peon |
| 0:06 | Altar of Storms |
| 0:19 | Orc Burrow |
| 0:28 | Peon |
| 0:38 | War Mill |
| 0:47 | Peon |
| 0:56 | Peon |
| 1:13 | Voodoo Lounge |
| 1:21 | Peon |
| 1:30 | Peon |
| 1:51 | Watch Tower |
| 2:09 | Watch Tower |
| 2:15 | Peon |
| 2:15 | Peon |
| 2:16 | War Stomp |
| 2:20 | Healing Salve |
| 2:21 | Lesser Clarity Potion |
| 2:25 | Peon |
| 2:36 | Peon |
| 2:42 | Watch Tower |
| 3:01 | Orc Burrow |
| 3:11 | Watch Tower |
| 3:48 | Watch Tower |
| 4:22 | Watch Tower |
| 4:33 | Peon |
| 4:34 | Peon |
| 4:58 | Great Hall |
| 5:00 | Endurance Aura |
| 5:06 | Stronghold |
| 5:25 | Watch Tower |
| 5:45 | Watch Tower |
| 5:47 | Spiked Barricades |
| 5:53 | Lesser Clarity Potion |
| 5:57 | Healing Salve |
| 6:27 | Boots of Speed |
| 6:27 | Staff of Teleportation |
| 6:32 | Watch Tower |
| 7:29 | Fortress |
| 7:35 | Watch Tower |
| 7:55 | Cluster Rockets |
| 8:25 | Watch Tower |
| 8:27 | Watch Tower |
| 8:30 | Reinforced Defenses |
| 8:34 | Peon |
| 8:34 | Peon |
| 8:34 | Peon |
| 8:34 | Peon |
| 8:37 | Watch Tower |
| 9:43 | Watch Tower |
| 9:44 | Peon |
| 9:57 | Orc Burrow |
| 10:06 | Watch Tower |
| 10:43 | Improved Spiked Barricades |
| 10:48 | Watch Tower |
| 10:52 | Lesser Clarity Potion |
| 10:53 | Orb of Lightning |
| 11:10 | Watch Tower |
| 11:56 | Watch Tower |
| 12:28 | Watch Tower |
| 12:39 | Healing Salve |
| 12:40 | Lesser Clarity Potion |
| 13:02 | Watch Tower |
| 13:36 | Watch Tower |
| 13:54 | Boots of Speed |
| 13:56 | Circlet of Nobility |
| 14:17 | Watch Tower |
| 14:41 | Watch Tower |
| 15:58 | Voodoo Lounge |
| 16:03 | Voodoo Lounge |
| 16:08 | Watch Tower |
| 16:11 | Watch Tower |
| 16:26 | War Stomp |
| 17:07 | Altar of Storms |
| 17:11 | Altar of Storms |
| 17:15 | Watch Tower |
| 17:40 | Engineering Upgrade |
| 18:02 | Watch Tower |
| 18:13 | Steel Ranged Weapons |
| 18:14 | Steel Armor |
| 18:22 | Watch Tower |
| 18:25 | Watch Tower |
| 19:06 | Feral Spirit |
| 19:08 | Watch Tower |
| 19:12 | Orc Burrow |
| 19:14 | Orc Burrow |
| Right click | 1452 |
| Select | 344 |
| Select group | 269 |
| Build/train/purchase | 83 |
| Misc. action | 79 |
| Use ability | 29 |
| Chat | 11 |
| Assign group | 6 |
| Esc | 6 |
| Item give/drop | 3 |
| Remove unit | 1 |
| Minimap ping | 1 |



| Staff of Sanctuary | 3 | 750 |
| Orb of Fire | 1 | 325 |
| Boots of Speed | 3 | 750 |
| Periapt of Vitality | 1 | 325 |
| Staff of Teleportation | 1 | 150 |
| Orb of Lightning | 5 | 1875 |
| total: | 14 | 4175g |
| Peasant | 22 | 1650 | / | 0 |
| Priest | 3 | 405 | / | 30 |
| total: | 25 | 2055g | / | 30w |
| Scout Tower | 50 | 1500 | / | 1000 |
| Arcane Tower | 3 | 210 | / | 150 |
| Guard Tower | 27 | 1890 | / | 1350 |
| Altar of Kings | 1 | 180 | / | 50 |
| Farm | 4 | 320 | / | 80 |
| Lumber Mill | 1 | 120 | / | 0 |
| Arcane Vault | 1 | 130 | / | 30 |
| Town Hall | 1 | 385 | / | 205 |
| Arcane Sanctum | 1 | 150 | / | 140 |
| Keep | 2 | 640 | / | 420 |
| Castle | 2 | 720 | / | 420 |
| total: | 59 | 2785g | / | 1505w |
| 0:02 | Peasant |
| 0:02 | Peasant |
| 0:10 | Altar of Kings |
| 0:18 | Farm |
| 0:21 | Peasant |
| 0:32 | Peasant |
| 0:36 | Lumber Mill |
| 0:42 | Peasant |
| 0:53 | Farm |
| 1:05 | Peasant |
| 1:10 | Peasant |
| 1:16 | Peasant |
| 1:27 | Scout Tower |
| 1:29 | Peasant |
| 1:34 | Arcane Vault |
| 1:58 | Arcane Tower |
| 1:59 | Scout Tower |
| 2:12 | Blizzard |
| 2:20 | Peasant |
| 2:20 | Peasant |
| 2:55 | Guard Tower |
| 2:57 | Scout Tower |
| 2:58 | Scout Tower |
| 3:08 | Scout Tower |
| 3:09 | Scout Tower |
| 3:13 | Peasant |
| 3:13 | Peasant |
| 3:18 | Improved Masonry |
| 3:20 | Scout Tower |
| 3:21 | Scout Tower |
| 3:26 | Peasant |
| 3:38 | Guard Tower |
| 3:38 | Guard Tower |
| 3:41 | Guard Tower |
| 3:52 | Guard Tower |
| 3:58 | Guard Tower |
| 4:42 | Guard Tower |
| 4:43 | Keep |
| 4:45 | Scout Tower |
| 4:46 | Boots of Speed |
| 5:32 | Brilliance Aura |
| 5:43 | Scout Tower |
| 5:44 | Scout Tower |
| 5:45 | Scout Tower |
| 5:48 | Town Hall |
| 5:52 | Scout Tower |
| 5:53 | Scout Tower |
| 5:53 | Scout Tower |
| 5:53 | Scout Tower |
| 5:54 | Scout Tower |
| 5:54 | Scout Tower |
| 6:11 | Guard Tower |
| 6:12 | Guard Tower |
| 6:15 | Farm |
| 6:24 | Guard Tower |
| 6:32 | Farm |
| 7:21 | Guard Tower |
| 7:22 | Scout Tower |
| 7:23 | Scout Tower |
| 7:24 | Scout Tower |
| 7:26 | Peasant |
| 7:26 | Peasant |
| 7:28 | Peasant |
| 7:29 | Peasant |
| 8:09 | Guard Tower |
| 8:16 | Scout Tower |
| 8:37 | Scout Tower |
| 8:38 | Scout Tower |
| 8:39 | Scout Tower |
| 8:58 | Peasant |
| 8:59 | Peasant |
| 8:59 | Peasant |
| 8:59 | Peasant |
| 9:05 | Storm Bolt |
| 9:08 | Guard Tower |
| 9:30 | Scout Tower |
| 9:30 | Scout Tower |
| 9:32 | Scout Tower |
| 9:32 | Scout Tower |
| 9:38 | Blizzard |
| 9:44 | Scout Tower |
| 9:45 | Scout Tower |
| 9:47 | Advanced Masonry |
| 10:06 | Guard Tower |
| 10:18 | Improved Lumber Harvesting |
| 10:22 | Guard Tower |
| 11:01 | Guard Tower |
| 11:03 | Castle |
| 11:26 | Boots of Speed |
| 11:35 | Guard Tower |
| 11:36 | Guard Tower |
| 11:37 | Arcane Tower |
| 11:39 | Arcane Sanctum |
| 11:58 | Scout Tower |
| 11:59 | Scout Tower |
| 11:59 | Scout Tower |
| 12:01 | Scout Tower |
| 12:02 | Scout Tower |
| 12:03 | Scout Tower |
| 12:03 | Scout Tower |
| 12:04 | Scout Tower |
| 12:04 | Scout Tower |
| 12:05 | Scout Tower |
| 12:05 | Scout Tower |
| 12:07 | Scout Tower |
| 12:07 | Scout Tower |
| 12:08 | Scout Tower |
| 12:09 | Scout Tower |
| 13:39 | Priest |
| 13:40 | Priest |
| 13:40 | Priest |
| 13:40 | Magic Sentry |
| 13:58 | Periapt of Vitality |
| 14:07 | Staff of Sanctuary |
| 14:10 | Orb of Fire |
| 14:19 | Priest Adept Training |
| 14:21 | Imbued Masonry |
| 14:21 | Advanced Lumber Harvesting |
| 14:26 | Guard Tower |
| 14:50 | Holy Light |
| 16:01 | Backpack |
| 16:03 | Guard Tower |
| 16:29 | Staff of Sanctuary |
| 17:15 | Boots of Speed |
| 17:15 | Staff of Teleportation |
| 17:20 | Orb of Lightning |
| 17:20 | Orb of Lightning |
| 17:20 | Orb of Lightning |
| 17:51 | Bash |
| 18:00 | Guard Tower |
| 18:06 | Scout Tower |
| 18:06 | Scout Tower |
| 18:07 | Scout Tower |
| 18:07 | Scout Tower |
| 18:39 | Staff of Sanctuary |
| 19:00 | Orb of Lightning |
| 19:00 | Orb of Lightning |
| Right click | 1510 |
| Select | 472 |
| Select group | 224 |
| Build/train/purchase | 108 |
| Use ability | 44 |
| Chat | 31 |
| Assign group | 11 |
| Minimap ping | 9 |
| Misc. action | 6 |
| Item give/drop | 5 |



| Lesser Clarity Potion | 1 | 70 |
| Staff of Sanctuary | 3 | 750 |
| Orb of Fire | 2 | 650 |
| Staff of Teleportation | 3 | 450 |
| Boots of Speed | 3 | 750 |
| Periapt of Vitality | 2 | 650 |
| Healing Salve | 1 | 100 |
| Orb of Lightning | 1 | 375 |
| total: | 16 | 3795g |
| Peasant | 20 | 1500 | / | 0 |
| Priest | 1 | 135 | / | 10 |
| total: | 21 | 1635g | / | 10w |
| Scout Tower | 70 | 2100 | / | 1400 |
| Arcane Tower | 4 | 280 | / | 200 |
| Guard Tower | 22 | 1540 | / | 1100 |
| Altar of Kings | 1 | 180 | / | 50 |
| Farm | 3 | 240 | / | 60 |
| Lumber Mill | 1 | 120 | / | 0 |
| Town Hall | 1 | 385 | / | 205 |
| Arcane Vault | 1 | 130 | / | 30 |
| Arcane Sanctum | 1 | 150 | / | 140 |
| Keep | 1 | 320 | / | 210 |
| Castle | 1 | 360 | / | 210 |
| total: | 78 | 3305g | / | 1885w |
| 0:04 | Peasant |
| 0:04 | Peasant |
| 0:15 | Peasant |
| 0:19 | Altar of Kings |
| 0:21 | Farm |
| 0:30 | Peasant |
| 0:39 | Lumber Mill |
| 0:43 | Peasant |
| 0:52 | Scout Tower |
| 1:07 | Farm |
| 1:08 | Peasant |
| 1:15 | Peasant |
| 1:25 | Arcane Tower |
| 1:38 | Scout Tower |
| 1:40 | Peasant |
| 1:53 | Peasant |
| 2:06 | Peasant |
| 2:07 | Peasant |
| 2:12 | Scout Tower |
| 2:22 | Scout Tower |
| 2:24 | Blizzard |
| 2:25 | Guard Tower |
| 2:56 | Guard Tower |
| 2:59 | Scout Tower |
| 3:20 | Peasant |
| 3:20 | Peasant |
| 3:22 | Peasant |
| 3:24 | Guard Tower |
| 3:28 | Guard Tower |
| 3:32 | Brilliance Aura |
| 3:43 | Staff of Teleportation |
| 3:43 | Boots of Speed |
| 4:27 | Keep |
| 4:47 | Town Hall |
| 5:23 | Healing Salve |
| 5:23 | Lesser Clarity Potion |
| 5:38 | Scout Tower |
| 5:39 | Scout Tower |
| 5:40 | Scout Tower |
| 5:41 | Scout Tower |
| 5:44 | Improved Masonry |
| 5:47 | Farm |
| 5:53 | Arcane Vault |
| 6:48 | Guard Tower |
| 6:56 | Castle |
| 7:03 | Arcane Tower |
| 7:26 | Scout Tower |
| 7:27 | Scout Tower |
| 7:27 | Scout Tower |
| 7:28 | Scout Tower |
| 7:35 | Arcane Sanctum |
| 7:36 | Improved Lumber Harvesting |
| 7:39 | Peasant |
| 7:39 | Peasant |
| 7:54 | Storm Bolt |
| 8:00 | Guard Tower |
| 8:02 | Scout Tower |
| 8:02 | Scout Tower |
| 8:03 | Scout Tower |
| 8:04 | Scout Tower |
| 8:24 | Scout Tower |
| 8:24 | Scout Tower |
| 8:25 | Scout Tower |
| 8:26 | Scout Tower |
| 8:27 | Scout Tower |
| 8:27 | Scout Tower |
| 8:28 | Scout Tower |
| 8:29 | Scout Tower |
| 8:29 | Scout Tower |
| 8:50 | Guard Tower |
| 8:53 | Peasant |
| 8:53 | Peasant |
| 8:59 | Staff of Teleportation |
| 8:59 | Boots of Speed |
| 9:04 | Guard Tower |
| 9:22 | Peasant |
| 9:22 | Peasant |
| 9:29 | Guard Tower |
| 9:31 | Advanced Lumber Harvesting |
| 9:42 | Staff of Sanctuary |
| 9:43 | Orb of Fire |
| 9:49 | Guard Tower |
| 9:53 | Scout Tower |
| 9:54 | Scout Tower |
| 9:56 | Scout Tower |
| 10:02 | Scout Tower |
| 10:02 | Scout Tower |
| 10:03 | Scout Tower |
| 10:04 | Scout Tower |
| 10:06 | Guard Tower |
| 10:25 | Brilliance Aura |
| 10:34 | Guard Tower |
| 10:35 | Guard Tower |
| 10:43 | Guard Tower |
| 10:52 | Priest |
| 10:55 | Guard Tower |
| 11:11 | Staff of Teleportation |
| 11:12 | Boots of Speed |
| 11:27 | Guard Tower |
| 11:29 | Holy Light |
| 11:35 | Guard Tower |
| 11:44 | Staff of Sanctuary |
| 11:45 | Orb of Fire |
| 12:35 | Scout Tower |
| 12:36 | Scout Tower |
| 12:36 | Scout Tower |
| 12:37 | Scout Tower |
| 12:38 | Scout Tower |
| 12:38 | Scout Tower |
| 12:42 | Scout Tower |
| 12:42 | Scout Tower |
| 12:43 | Scout Tower |
| 12:43 | Scout Tower |
| 12:44 | Scout Tower |
| 12:44 | Scout Tower |
| 13:31 | Guard Tower |
| 14:02 | Bash |
| 14:16 | Guard Tower |
| 14:18 | Scout Tower |
| 14:19 | Scout Tower |
| 14:19 | Scout Tower |
| 14:19 | Scout Tower |
| 14:20 | Scout Tower |
| 14:21 | Scout Tower |
| 14:21 | Scout Tower |
| 14:30 | Arcane Tower |
| 14:40 | Advanced Masonry |
| 14:43 | Periapt of Vitality |
| 14:58 | Staff of Sanctuary |
| 15:53 | Guard Tower |
| 15:59 | Scout Tower |
| 16:00 | Scout Tower |
| 16:01 | Scout Tower |
| 16:02 | Divine Shield |
| 16:24 | Orb of Lightning |
| 16:30 | Guard Tower |
| 16:32 | Scout Tower |
| 16:33 | Scout Tower |
| 16:33 | Scout Tower |
| 16:34 | Scout Tower |
| 16:35 | Scout Tower |
| 16:35 | Scout Tower |
| 16:36 | Scout Tower |
| 16:36 | Scout Tower |
| 16:42 | Periapt of Vitality |
| 16:49 | Magic Sentry |
| 16:50 | Priest Adept Training |
| 17:59 | Guard Tower |
| 18:21 | Scout Tower |
| 18:21 | Scout Tower |
| 18:24 | Scout Tower |
| 18:25 | Scout Tower |
| 18:26 | Scout Tower |
| 18:26 | Scout Tower |
| 18:27 | Scout Tower |
| 19:26 | Blizzard |
| Right click | 1056 |
| Select group | 666 |
| Build/train/purchase | 209 |
| Select | 185 |
| Use ability | 78 |
| Misc. action | 55 |
| Chat | 30 |
| Minimap ping | 16 |
| Assign group | 8 |
| Item give/drop | 6 |
140 units @ 19.5k
/ 2.2k
69 buildings @ 10.1k
/ 4.3k

| Healing Salve | 2 | 200 |
| Potion of Healing | 1 | 150 |
| Orb of Lightning | 1 | 375 |
| total: | 4 | 725g |
| Peon | 16 | 1200 | / | 0 |
| Troll Headhunter | 15 | 2100 | / | 300 |
| Shaman | 6 | 780 | / | 120 |
| total: | 37 | 4080g | / | 420w |
| Watch Tower | 2 | 220 | / | 160 |
| Altar of Storms | 1 | 180 | / | 50 |
| Orc Burrow | 6 | 960 | / | 240 |
| Barracks | 1 | 180 | / | 50 |
| War Mill | 1 | 205 | / | 0 |
| Voodoo Lounge | 1 | 130 | / | 30 |
| Great Hall | 1 | 385 | / | 185 |
| Spirit Lodge | 1 | 150 | / | 150 |
| Stronghold | 1 | 315 | / | 190 |
| Fortress | 1 | 325 | / | 190 |
| total: | 14 | 2410g | / | 865w |
| 0:06 | Peon |
| 0:06 | Peon |
| 0:28 | Altar of Storms |
| 0:42 | Orc Burrow |
| 0:45 | Peon |
| 1:02 | Peon |
| 1:13 | Barracks |
| 1:17 | Peon |
| 1:21 | Peon |
| 1:21 | Peon |
| 1:39 | War Mill |
| 1:46 | Orc Burrow |
| 2:01 | Peon |
| 2:21 | Voodoo Lounge |
| 2:47 | Peon |
| 2:47 | Peon |
| 2:55 | War Stomp |
| 3:27 | Troll Headhunter |
| 3:27 | Troll Headhunter |
| 3:27 | Troll Headhunter |
| 3:42 | Orc Burrow |
| 3:46 | Troll Headhunter |
| 4:09 | Peon |
| 4:10 | Steel Ranged Weapons |
| 5:06 | Troll Headhunter |
| 5:06 | Troll Headhunter |
| 5:12 | Watch Tower |
| 5:15 | Stronghold |
| 6:30 | Watch Tower |
| 6:49 | Healing Salve |
| 6:59 | Troll Headhunter |
| 6:59 | Troll Headhunter |
| 6:59 | Troll Headhunter |
| 7:09 | Orc Burrow |
| 7:22 | Endurance Aura |
| 7:53 | Endurance Aura |
| 8:21 | Spirit Lodge |
| 8:23 | Thorium Ranged Weapons |
| 8:29 | Healing Salve |
| 8:41 | Troll Regeneration |
| 8:41 | Troll Headhunter |
| 8:41 | Troll Headhunter |
| 8:41 | Troll Headhunter |
| 9:26 | Troll Headhunter |
| 9:31 | Steel Armor |
| 9:32 | Fortress |
| 10:05 | Troll Headhunter |
| 10:05 | Troll Headhunter |
| 10:11 | Great Hall |
| 12:03 | Arcanite Ranged Weapons |
| 12:33 | Berserker Upgrade |
| 12:36 | Shaman Adept Training |
| 12:37 | Shaman |
| 12:37 | Shaman |
| 12:42 | Orc Burrow |
| 12:43 | Orc Burrow |
| 12:58 | Peon |
| 12:58 | Peon |
| 12:59 | Peon |
| 13:21 | Shaman |
| 13:41 | Shaman Master Training |
| 13:43 | Shaman |
| 13:43 | Shaman |
| 13:43 | Shaman |
| 13:49 | Thorium Armor |
| 13:55 | Potion of Healing |
| 13:56 | Orb of Lightning |
| 14:04 | Peon |
| 14:05 | Peon |
| Right click | 811 |
| Select group | 199 |
| Select | 108 |
| Build/train/purchase | 65 |
| Misc. action | 50 |
| Assign group | 16 |
| Use ability | 8 |
| Remove unit | 3 |
| Item give/drop | 2 |
| Esc | 1 |


| Healing Salve | 3 | 300 |
| Scroll of Speed | 1 | 50 |
| Lesser Clarity Potion | 1 | 70 |
| total: | 5 | 420g |
| Peon | 12 | 900 | / | 0 |
| Grunt | 12 | 2400 | / | 0 |
| Wind Rider | 2 | 530 | / | 80 |
| Demolisher | 2 | 440 | / | 100 |
| Troll Batrider | 1 | 160 | / | 40 |
| Raider | 2 | 360 | / | 80 |
| total: | 31 | 4790g | / | 300w |
| Barracks | 1 | 180 | / | 50 |
| Orc Burrow | 4 | 640 | / | 160 |
| Altar of Storms | 1 | 180 | / | 50 |
| Voodoo Lounge | 1 | 130 | / | 30 |
| War Mill | 1 | 205 | / | 0 |
| Great Hall | 1 | 385 | / | 185 |
| Beastiary | 2 | 290 | / | 280 |
| Stronghold | 2 | 630 | / | 380 |
| Fortress | 3 | 975 | / | 570 |
| total: | 11 | 2010g | / | 755w |
| 0:11 | Peon |
| 0:15 | Barracks |
| 0:18 | Peon |
| 0:33 | Orc Burrow |
| 0:41 | Peon |
| 0:44 | Altar of Storms |
| 0:53 | Peon |
| 1:15 | Peon |
| 1:16 | Peon |
| 1:24 | Grunt |
| 1:24 | Grunt |
| 1:24 | Grunt |
| 1:45 | Peon |
| 1:47 | Peon |
| 1:56 | Orc Burrow |
| 2:31 | Summon Bear |
| 2:41 | Stronghold |
| 2:47 | Grunt |
| 2:47 | Grunt |
| 2:48 | Grunt |
| 3:04 | Voodoo Lounge |
| 3:19 | Grunt |
| 3:19 | Grunt |
| 3:34 | Orc Burrow |
| 3:53 | War Mill |
| 4:02 | Summon Quilbeast |
| 4:31 | Grunt |
| 4:43 | Orc Burrow |
| 4:57 | Healing Salve |
| 4:57 | Scroll of Speed |
| 5:07 | Troll Regeneration |
| 5:08 | Berserker Strength |
| 5:15 | Beastiary |
| 5:23 | Peon |
| 5:23 | Peon |
| 5:53 | Beastiary |
| 6:06 | Summon Bear |
| 6:33 | Wind Rider |
| 6:46 | Healing Salve |
| 6:59 | Steel Ranged Weapons |
| 7:03 | Wind Rider |
| 7:28 | Healing Wave |
| 7:54 | Fortress |
| 7:55 | Fortress |
| 8:38 | Summon Quilbeast |
| 8:47 | Demolisher |
| 8:55 | Troll Batrider |
| 9:39 | Great Hall |
| 10:11 | Demolisher |
| 10:20 | Hex |
| 11:51 | Grunt |
| 11:55 | Raider |
| 13:01 | Ensnare |
| 13:03 | Grunt |
| 13:29 | Healing Salve |
| 13:35 | Lesser Clarity Potion |
| 13:39 | Peon |
| 13:39 | Peon |
| 13:44 | Grunt |
| 13:47 | Raider |
| Right click | 731 |
| Select group | 317 |
| Select | 222 |
| Build/train/purchase | 78 |
| Misc. action | 68 |
| Assign group | 64 |
| Use ability | 20 |
| Minimap ping | 18 |
| Chat | 11 |
| Esc | 3 |
| Item give/drop | 1 |

| Healing Salve | 3 | 300 |
| Lesser Clarity Potion | 2 | 140 |
| Potion of Healing | 1 | 150 |
| Scroll of Regeneration | 1 | 100 |
| total: | 7 | 690g |
| Peon | 17 | 1275 | / | 0 |
| Grunt | 8 | 1600 | / | 0 |
| Demolisher | 1 | 220 | / | 50 |
| Shaman | 4 | 520 | / | 80 |
| Kodo Beast | 1 | 255 | / | 60 |
| Raider | 3 | 540 | / | 120 |
| Tauren | 3 | 840 | / | 240 |
| Wind Rider | 2 | 530 | / | 80 |
| total: | 39 | 5780g | / | 630w |
| Watch Tower | 5 | 550 | / | 400 |
| Altar of Storms | 1 | 180 | / | 50 |
| Orc Burrow | 6 | 960 | / | 240 |
| Barracks | 1 | 180 | / | 50 |
| War Mill | 1 | 205 | / | 0 |
| Voodoo Lounge | 1 | 130 | / | 30 |
| Great Hall | 1 | 385 | / | 185 |
| Beastiary | 1 | 145 | / | 140 |
| Spirit Lodge | 1 | 150 | / | 150 |
| Tauren Totem | 1 | 135 | / | 155 |
| Stronghold | 2 | 630 | / | 380 |
| Fortress | 1 | 325 | / | 190 |
| total: | 19 | 3020g | / | 1400w |
| 0:03 | Peon |
| 0:07 | Altar of Storms |
| 0:11 | Orc Burrow |
| 0:22 | Peon |
| 0:28 | Barracks |
| 0:44 | Peon |
| 1:01 | Peon |
| 1:16 | Peon |
| 1:29 | Peon |
| 1:31 | Grunt |
| 1:50 | Orc Burrow |
| 1:54 | Peon |
| 2:11 | Shockwave |
| 2:21 | War Mill |
| 2:44 | Grunt |
| 3:07 | Voodoo Lounge |
| 3:09 | Peon |
| 3:16 | Grunt |
| 3:42 | Grunt |
| 4:26 | Healing Salve |
| 5:22 | Peon |
| 5:23 | Peon |
| 5:40 | Peon |
| 5:50 | Peon |
| 6:00 | Orc Burrow |
| 6:20 | Stronghold |
| 6:23 | Peon |
| 6:26 | Endurance Aura |
| 6:58 | Stronghold |
| 7:01 | Grunt |
| 7:25 | Grunt |
| 7:55 | Grunt |
| 7:58 | Orc Burrow |
| 8:01 | Steel Armor |
| 8:43 | Shockwave |
| 9:02 | Lesser Clarity Potion |
| 9:10 | Grunt |
| 9:32 | Steel Melee Weapons |
| 10:10 | Fortress |
| 10:14 | Great Hall |
| 10:21 | Beastiary |
| 10:29 | Spirit Lodge |
| 11:05 | Watch Tower |
| 11:05 | Watch Tower |
| 11:07 | Watch Tower |
| 11:07 | Watch Tower |
| 11:15 | Berserker Strength |
| 11:17 | Scroll of Regeneration |
| 12:03 | Demolisher |
| 12:20 | Shaman |
| 12:39 | Endurance Aura |
| 13:04 | Peon |
| 13:04 | Peon |
| 13:04 | Peon |
| 13:05 | Peon |
| 13:09 | Kodo Beast |
| 13:16 | Lesser Clarity Potion |
| 13:46 | Healing Salve |
| 13:50 | Shaman |
| 13:53 | Raider |
| 13:59 | Tauren Totem |
| 14:04 | Orc Burrow |
| 14:06 | Thorium Melee Weapons |
| 14:11 | Shaman |
| 14:11 | Shaman Adept Training |
| 15:50 | Tauren |
| 15:53 | Shaman |
| 15:53 | Shaman Master Training |
| 16:03 | Healing Salve |
| 16:10 | Potion of Healing |
| 16:18 | Wind Rider |
| 16:24 | Watch Tower |
| 16:36 | Thorium Armor |
| 16:38 | Tauren |
| 16:42 | Orc Burrow |
| 17:03 | Wind Rider |
| 17:23 | Tauren |
| 17:49 | Raider |
| 17:49 | Raider |
| 18:21 | Ensnare |
| Right click | 603 |
| Select | 431 |
| Select group | 253 |
| Build/train/purchase | 73 |
| Misc. action | 56 |
| Use ability | 30 |
| Assign group | 20 |
| Resource trade | 5 |
| Minimap ping | 3 |
| Item give/drop | 2 |
| Remove unit | 2 |

| Scroll of Regeneration | 4 | 400 |
| Scroll of Town Portal | 1 | 350 |
| total: | 5 | 750g |
| Peasant | 16 | 1200 | / | 0 |
| Rifleman | 8 | 1640 | / | 240 |
| Mortar Team | 4 | 720 | / | 280 |
| Gryphon Rider | 3 | 840 | / | 210 |
| Knight | 2 | 490 | / | 120 |
| total: | 33 | 4890g | / | 850w |
| Scout Tower | 5 | 150 | / | 100 |
| Arcane Tower | 4 | 280 | / | 200 |
| Guard Tower | 2 | 140 | / | 100 |
| Barracks | 1 | 160 | / | 60 |
| Blacksmith | 1 | 140 | / | 60 |
| Farm | 10 | 800 | / | 200 |
| Altar of Kings | 1 | 180 | / | 50 |
| Lumber Mill | 1 | 120 | / | 0 |
| Town Hall | 1 | 385 | / | 205 |
| Arcane Vault | 1 | 130 | / | 30 |
| Gryphon Aviary | 2 | 280 | / | 300 |
| Workshop | 2 | 280 | / | 280 |
| Keep | 1 | 320 | / | 210 |
| Castle | 1 | 360 | / | 210 |
| total: | 25 | 2625g | / | 1285w |
| 0:04 | Peasant |
| 0:04 | Peasant |
| 0:14 | Barracks |
| 0:24 | Blacksmith |
| 0:33 | Peasant |
| 0:39 | Farm |
| 0:51 | Peasant |
| 0:51 | Peasant |
| 0:54 | Peasant |
| 1:36 | Scout Tower |
| 1:41 | Scout Tower |
| 1:52 | Scout Tower |
| 2:01 | Altar of Kings |
| 2:06 | Peasant |
| 2:07 | Peasant |
| 2:15 | Rifleman |
| 2:22 | Farm |
| 2:26 | Arcane Tower |
| 2:30 | Arcane Tower |
| 3:01 | Lumber Mill |
| 3:03 | Arcane Tower |
| 3:36 | Rifleman |
| 3:39 | Howl of Terror |
| 4:30 | Farm |
| 4:57 | Cleaving Attack |
| 5:08 | Guard Tower |
| 5:11 | Keep |
| 5:21 | Rifleman |
| 5:58 | Town Hall |
| 6:04 | Scout Tower |
| 6:10 | Farm |
| 6:18 | Rifleman |
| 6:44 | Guard Tower |
| 7:12 | Scout Tower |
| 7:14 | Peasant |
| 7:14 | Peasant |
| 7:36 | Improved Lumber Harvesting |
| 7:44 | Arcane Vault |
| 7:46 | Arcane Tower |
| 8:37 | Howl of Terror |
| 8:48 | Scroll of Regeneration |
| 8:58 | Rifleman |
| 8:58 | Rifleman |
| 9:00 | Peasant |
| 9:00 | Peasant |
| 9:00 | Peasant |
| 9:03 | Farm |
| 9:11 | Gryphon Aviary |
| 9:19 | Scroll of Regeneration |
| 9:35 | Workshop |
| 9:37 | Workshop |
| 9:40 | Peasant |
| 10:44 | Mortar Team |
| 10:44 | Mortar Team |
| 10:44 | Mortar Team |
| 10:50 | Farm |
| 10:50 | Farm |
| 10:58 | Peasant |
| 11:09 | Castle |
| 11:11 | Peasant |
| 11:51 | Rifleman |
| 11:52 | Rifleman |
| 11:53 | Long Rifles |
| 13:09 | Gryphon Aviary |
| 13:32 | Mortar Team |
| 13:35 | Gryphon Rider |
| 13:38 | Farm |
| 13:42 | Knight |
| 13:42 | Knight |
| 13:57 | Farm |
| 14:00 | Advanced Lumber Harvesting |
| 14:22 | Scroll of Regeneration |
| 14:23 | Scroll of Town Portal |
| 14:34 | Gryphon Rider |
| 14:34 | Gryphon Rider |
| 14:49 | Scroll of Regeneration |
| 15:01 | Flare |
| 15:41 | Black Gunpowder |
| 15:42 | Iron Plating |
| 15:44 | Storm Hammers |
| 15:47 | Farm |
| 16:59 | Iron Forged Swords |
| Right click | 824 |
| Select group | 658 |
| Select | 296 |
| Build/train/purchase | 92 |
| Minimap ping | 51 |
| Misc. action | 27 |
| Assign group | 16 |
| Remove unit | 3 |
| Use ability | 1 |
| Item give/drop | 1 |